 Dungeon Crawl Stone Soup version 0.24-a0-235-g3f03afc (webtiles) character file.

Game seed: 16662789961859869968

629 Hylith the Caller (level 7, -1/51 HPs)
             Began as a Gnoll Summoner on Apr 7, 2019.
             Was a Believer of Okawaru.
             Slain by a sky beast (6 damage)
             ... on level 6 of the Dungeon.
             The game lasted 00:24:51 (3758 turns).

Hylith the Caller (Gnoll Summoner)                  Turns: 3758, Time: 00:24:52

Health: -1/51      AC:  4    Str: 11    XL:     7   Next: 48%
Magic:  3/15       EV: 15    Int: 22    God:    Okawaru [**....]
Gold:   231        SH:  0    Dex: 16    Spells: 5/17 levels left

rFire    . . .     SeeInvis .   B - +0 glaive
rCold    . . .     Gourm    .   (shield currently unavailable)
rNeg     . . .     Faith    .   a - +0 robe
rPois    .         Spirit   .   (no helmet)
rElec    .         Reflect  .   (no cloak)
rCorr    .         Harm     .   (no gloves)
MR       .....     Rnd*Tele +   y - +1 pair of boots
Stlth    +++.......             (no amulet)
HPRegen  0.17/turn              s - ring of teleportation (curse)
MPRegen  0.14/turn              v - +4 ring of intelligence

@: no status effects
A: distributed training, fangs 1, strong nose
a: Heroism, Renounce Religion


You were on level 6 of the Dungeon.
You worshipped Okawaru.
Okawaru was pleased with you.
You were very hungry.

You visited 2 branches of the dungeon, and saw 7 of its levels.

You collected 231 gold pieces.

Inventory:

Hand Weapons
 p - a +1 dagger of protection
 z - a +1 war axe of freezing
 B - a +0 glaive (weapon)
Missiles
 j - 8 javelins
 l - 179 stones (quivered)
Armour
 a - a +0 robe (worn)
 y - a +1 pair of boots (worn)
Jewellery
 f - an uncursed ring of resist corrosion
 s - a cursed ring of teleportation (left hand)
 t - an uncursed ring of fire
 v - a +4 ring of intelligence (right hand)
Wands
 d - a wand of acid (3)
 u - a wand of polymorph (12)
Scrolls
 g - 2 scrolls of enchant weapon
 k - a scroll of magic mapping
 n - a scroll of enchant armour
 o - a scroll of blinking
 q - 2 scrolls of amnesia
 r - a scroll of teleportation
 C - a scroll of noise {unknown}
Potions
 b - 2 potions of flight {unknown}
 e - a potion of degeneration {unknown}
 h - 3 potions of heal wounds {unknown}
 i - a potion of brilliance {unknown}
 x - a potion of curing {unknown}
 A - a potion of agility {unknown}
Comestibles
 c - 9 rations


   Skills:
 + Level 2.4 Fighting
 + Level 2.4 Short Blades
 + Level 2.4 Long Blades
 + Level 2.4 Axes
 + Level 2.4 Maces & Flails
 + Level 2.4 Polearms
 + Level 2.4 Staves
 + Level 2.4 Slings
 + Level 2.4 Bows
 + Level 2.4 Crossbows
 + Level 2.4 Throwing
 + Level 2.4 Armour
 + Level 5.2 Dodging
 + Level 4.9 Stealth
 + Level 2.4 Shields
 + Level 2.4 Unarmed Combat
 + Level 5.6 Spellcasting
 + Level 2.0 Conjurations
 + Level 2.0 Hexes
 + Level 2.0 Charms
 + Level 7.4 Summonings
 + Level 2.0 Necromancy
 + Level 2.0 Translocations
 + Level 2.0 Transmutations
 + Level 2.0 Fire Magic
 + Level 2.0 Ice Magic
 + Level 2.0 Air Magic
 + Level 2.0 Earth Magic
 + Level 2.0 Poison Magic
 + Level 2.7 Invocations
 + Level 2.4 Evocations


You had 5 spell levels left.
You knew the following spells:

 Your Spells              Type           Power        Failure   Level  Hunger
a - Summon Small Mammal   Summ           ####         1%          1    None
b - Call Canine Familiar  Summ           #####...     1%          3    ##.....
c - Summon Ice Beast      Ice/Summ       ####....     14%         4    ####...
d - Summon Lightning Spi  Summ/Air       ####....     14%         4    ####...

Your spell library contained the following spells:

 Spells                   Type           Power        Failure   Level  Hunger
 Call Imp                 Summ           #####...     1%          2    None
 Summon Guardian Golem    Hex/Summ       ####....     4%          3    ##.....


Dungeon Overview and Level Annotations

Branches:
Dungeon (6/15)             Temple (1/1) D:4

Altars:
Ashenzari
Dithmenos
Elyvilon
Gozag
Nemelex Xobeh
Okawaru
Sif Muna
Trog
Uskayaw
Vehumet
Wu Jian
Yredelemnul
Zin
The Shining One

Shops:
D:6 =([

Annotations:
D:6 Pikel


Innate Abilities, Weirdness & Mutations

Your experience applies equally to all skills.
You have very sharp teeth.
Your uncanny sense of smell can sniff out nearby items.


Message History

You miss something. Something hits you but does no damage.
What are your orders? t - Bark!
Orders for allies: a - Attack new target. r - Retreat! s - Stop attacking. g - Guard the area. f - Follow me.
Anything else - Cancel.
Gang up on whom?
Press: ? - help, Dir - move target cursor There's nothing there!
You miss something. You bite something. Something hits you.
* * * LOW HITPOINT WARNING * * *
Something shocks you.
* * * LOW HITPOINT WARNING * * *
Your ice beast misses something.
A sky beast appears from thin air!
Reactivating autopickup.
The sky beast hits you.
* * * LOW HITPOINT WARNING * * *
The sky beast shocks you.
You die...

........#.∩.# #####
#.# #######.....#
#...# #.#
#####.###'#.# #.#
##...'∩+.### #.#
########....#+#...#
#Y#
.........####...#.#
#.# #######..#
#####.# #.##
.........# #.# #...
###.###§@## #.#
#### #.##..Y8# #.#
#.≈≈§≈§Y# #.#
#.§#)#§)# #.# ##
#.§+∩§§§# #.# #. ##
#'#§## #.# #.
§≈.§§# #.# #.
###.)## ###.# #. #.
..#.# #.


You could see a sky beast, a friendly ice beast and a friendly lightning spire.

Vanquished Creatures
  A hound (D:4)
  A worker ant zombie (D:5)
  3 adders
  An ooze (D:4)
  A dart slug (D:1)
  An orc (D:6)
  3 bats (D:1)
  A giant cockroach (D:1)
  A goblin (D:1)
  A hobgoblin (D:1)
  3 jackals (D:1)
  2 quokkas
  A frilled lizard (D:1)
  A kobold (D:1)
  A rat (D:1)
22 creatures vanquished.

Vanquished Creatures (collateral kills)
  Prince Ribbit (D:5)
  Sigmund (D:6)
  An orc warrior (D:6)
  2 slaves (D:6)
  2 ogres
  A bullfrog (D:6)
  A crimson imp (D:5)
  A hound (D:6)
  2 jellies
  2 iguanas
  An orc wizard (D:6)
  2 worker ants
  5 adders
  2 shadow imps
  An adder skeleton (D:5)
  An adder zombie (D:5)
  2 worms (D:2)
  2 dart slugs (D:1)
  3 leopard geckos
  4 orcs
  2 ball pythons
  4 bats
  5 giant cockroaches
  9 hobgoblins
  4 jackals (D:1)
  9 kobolds
  2 quokkas (D:4)
  3 frilled lizards
  6 goblins
  A leopard gecko skeleton (D:4)
  5 rats
87 creatures vanquished.

Grand Total: 109 creatures vanquished

Notes
Turn   | Place    | Note
-------+----------+-------------------------------------------
     0 | D:1      | Hylith the Gnoll Summoner began the quest for the Orb.
     0 | D:1      | Reached XP level 1. HP: 13/13 MP: 6/6
    80 | D:1      | Reached XP level 2. HP: 7/19 MP: 1/7
   451 | D:1      | Reached XP level 3. HP: 18/25 MP: 2/9
   465 | D:1      | Reached skill level 5 in Spellcasting
   775 | D:2      | Found a glowing golden altar of the Shining One.
   795 | D:2      | Found a hide-covered altar of Uskayaw.
   832 | D:2      | Reached skill level 1 in Invocations
  1147 | D:2      | Reached skill level 1 in Fighting
  1147 | D:2      | Reached skill level 1 in Short Blades
  1147 | D:2      | Reached skill level 1 in Long Blades
  1147 | D:2      | Reached skill level 1 in Axes
  1147 | D:2      | Reached skill level 1 in Maces & Flails
  1147 | D:2      | Reached skill level 1 in Polearms
  1147 | D:2      | Reached skill level 1 in Staves
  1147 | D:2      | Reached skill level 1 in Slings
  1147 | D:2      | Reached skill level 1 in Bows
  1147 | D:2      | Reached skill level 1 in Crossbows
  1147 | D:2      | Reached skill level 1 in Throwing
  1147 | D:2      | Reached skill level 1 in Armour
  1147 | D:2      | Reached skill level 1 in Shields
  1147 | D:2      | Reached skill level 1 in Unarmed Combat
  1147 | D:2      | Reached skill level 1 in Evocations
  1351 | D:2      | Reached XP level 4. HP: 32/32 MP: 11/11
  1593 | D:2      | Learned a level 3 spell: Call Canine Familiar
  1598 | D:2      | Learned a level 4 spell: Summon Ice Beast
  1603 | D:2      | Learned a level 4 spell: Summon Lightning Spire
  1762 | D:3      | You fall through a shaft!
  1790 | D:4      | Found a bloodstained altar of Trog.
  1880 | D:4      | Noticed an ogre
  1895 | D:4      | Killed an ogre
  1895 | D:4      | Reached skill level 1 in Conjurations
  1895 | D:4      | Reached skill level 1 in Hexes
  1895 | D:4      | Reached skill level 1 in Charms
  1895 | D:4      | Reached skill level 1 in Necromancy
  1895 | D:4      | Reached skill level 1 in Translocations
  1895 | D:4      | Reached skill level 1 in Transmutations
  1895 | D:4      | Reached skill level 1 in Fire Magic
  1895 | D:4      | Reached skill level 1 in Ice Magic
  1895 | D:4      | Reached skill level 1 in Air Magic
  1895 | D:4      | Reached skill level 1 in Earth Magic
  1895 | D:4      | Reached skill level 1 in Poison Magic
  1910 | D:4      | Reached XP level 5. HP: 24/37 MP: 2/12
  1919 | D:4      | Found a staircase to the Ecumenical Temple.
  2079 | Temple   | Entered the Ecumenical Temple
  2109 | Temple   | Became a worshipper of Warmaster Okawaru
  2513 | D:3      | Found a bloodstained altar of Trog.
  2865 | D:5      | Entered Level 5 of the Dungeon
  2952 | D:5      | Noticed an ogre
  2964 | D:5      | Killed an ogre
  2964 | D:5      | Reached * piety under Okawaru
  2964 | D:5      | Reached XP level 6. HP: 44/44 MP: 6/13
  2994 | D:5      | Noticed Prince Ribbit
  3152 | D:5      | Killed Prince Ribbit
  3152 | D:5      | Reached skill level 5 in Dodging
  3281 | D:5      | Found a glowing silver altar of Zin.
  3284 | D:5      | Found a basalt altar of Yredelemnul.
  3287 | D:5      | Found a white marble altar of Elyvilon.
  3366 | D:6      | Found a shattered altar of Ashenzari.
  3441 | D:6      | Reached ** piety under Okawaru
  3441 | D:6      | Reached XP level 7. HP: 50/50 MP: 10/15
  3486 | D:6      | Noticed Sigmund
  3511 | D:6      | Killed Sigmund
  3549 | D:6      | Noticed Pikel
  3583 | D:6      | Found Wuoxuvu's Weapon Emporium.
  3718 | D:6      | Found Vaoritti's Armour Emporium.
  3740 | D:6      | Found Damarr's Jewellery Shoppe.
  3758 | D:6      | Slain by a sky beast

Levels and vault maps discovered:
D:1:      minmay_arrival_semitransparent, layout_basic, minmay_small_reverse_x
D:2:      layout_loops_ring, grunt_temple_overflow_open, first_ration
D:3:      layout_basic, old_standard_altar
D:4:      layout_basic, minmay_temple_entry_trees, serial_rivers,
          chequers_serial_rivers_room_b, chequers_serial_rivers_small_3,
          chequers_serial_rivers_large_b, chequers_serial_rivers_small_3,
          trog_butcher_becter
D:5:      layout_cave_pools, grunt_temple_overflow_diamond, uniq_prince_ribbit1
D:6:      layout_loops_ring, nicolae_ashenzari_panopticon, serial_shops,
          nicolae_shop_behind_doors, nicolae_shop_stone, shop,
          kennysheep_mini_moat, uniq_sigmund, uniq_pikel, uniq_eustachio
Temple:   compressed_dpeg_triangle_lava_temple

Skill      XL: |  1  2  3  4  5  6  7 |
---------------+----------------------+-----
Spellcasting   | 5 |  5.6
Invocations    | 1 2 |  2.7
Fighting       | 1 2 |  2.4
Short Blades   | 1 2 |  2.4
Long Blades    | 1 2 |  2.4
Axes           | 1 2 |  2.4
Maces & Flails | 1 2 |  2.4
Polearms       | 1 2 |  2.4
Staves         | 1 2 |  2.4
Slings         | 1 2 |  2.4
Bows           | 1 2 |  2.4
Crossbows      | 1 2 |  2.4
Throwing       | 1 2 |  2.4
Armour         | 1 2 |  2.4
Shields        | 1 2 |  2.4
Unarmed Combat | 1 2 |  2.4
Evocations     | 1 2 |  2.4
Conjurations   | 1 2 |  2.0
Hexes          | 1 2 |  2.0
Charms         | 1 2 |  2.0
Necromancy     | 1 2 |  2.0
Translocations | 1 2 |  2.0
Transmutations | 1 2 |  2.0
Fire Magic     | 1 2 |  2.0
Ice Magic      | 1 2 |  2.0
Air Magic      | 1 2 |  2.0
Earth Magic    | 1 2 |  2.0
Poison Magic   | 1 2 |  2.0
Dodging        | 5 |  5.2
Stealth        | |  4.9
Summonings     | |  7.4

Action                   |  1- 3 |  4- 6 |  7- 9 || total
-------------------------+-------+-------+-------++-------
Melee: Club              |     4 |       |       ||     4
       Short sword       |    34 |       |       ||    34
       Bite              |     5 |     3 |     2 ||    10
       Dagger            |     2 |    11 |       ||    13
       War axe           |       |     4 |       ||     4
       Glaive            |       |       |    20 ||    20
 Cast: Summon Small Mamm |    72 |     7 |       ||    79
       Call Canine Famil |       |     5 |       ||     5
       Summon Ice Beast  |       |     7 |     7 ||    14
       Summon Lightning  |       |    20 |     4 ||    24
  Use: Scroll            |       |     6 |     1 ||     7
 Stab: Sleeping          |       |       |     1 ||     1
  Eat: Chunk             |     1 |     8 |     2 ||    11
       Ration            |       |     1 |       ||     1
Armor: Robe              |     9 |     4 |     7 ||    20
Dodge: Dodged            |    56 |    34 |    12 ||   102

Table legend:
 A = Non-vault XP
 B = Vault XP
 C = Vault XP percentage of total XP
 D = Non-vault monster count
 E = Vault monster count
 F = Vault count percentage of total count
                 A         B        C        D         E       F
            +---------+---------+-------+---------+---------+-------
      Total |     654 |     245 |  27.3 |      97 |      10 |   9.3
            +---------+---------+-------+---------+---------+-------
        D:1 |      40 |       6 |  13.0 |      30 |       4 |  11.8
        D:2 |      40 |       0 |   0.0 |      22 |       0 |   0.0
        D:3 |      20 |       0 |   0.0 |      13 |       0 |   0.0
        D:4 |     161 |       6 |   3.6 |       9 |       4 |  30.8
        D:5 |     162 |     134 |  45.3 |      10 |       1 |   9.1
        D:6 |     231 |      99 |  30.0 |      13 |       1 |   7.1
            +---------+---------+-------+---------+---------+-------
